 Dungeon Crawl Stone Soup version 0.31-a0-188-g5e087ee2ca (webtiles) character file.

Game seed: 16071065200593487701

247 qw the Skirmisher (level 5, -4/30 HPs)
             Began as a Deep Elf Hunter on June 23, 2023.
             Slain by a gnoll sergeant
             ... wielding a +0 trident
              (6 damage)
             ... on level 3 of the Dungeon.
             The game lasted 00:00:29 (1414 turns).

qw the Skirmisher (Deep Elf Hunter)                 Turns: 1414, Time: 00:00:29

Health: -4/30      AC:  5    Str: 10    XL:     5   Next: 85%
Magic:  7/7        EV: 11    Int: 14    God:
Gold:   73         SH:  0    Dex: 18    Spells: 4/4 levels left

rFire   . . .        Y - +0 shortbow (drain)
rCold   + . .        (shield currently unavailable)
rNeg    . . .        g - +0 ring mail
rPois   .            (no helmet)
rElec   .            (no cloak)
rCorr   .            (no gloves)
SInv    .            (no boots)
Will    .....        (no amulet)
Stlth   +            (no ring)
HPRegen 0.25/turn    (no ring)
MPRegen 0.10/turn

%: no passive effects
@: no status effects
A: cold resistance 1
a: no special abilities


You were on level 3 of the Dungeon.
You visited 1 branch of the dungeon, and saw 3 of its levels.

You collected 95 gold pieces.
You spent 22 gold pieces at shops.


Innate Abilities, Weirdness & Mutations

Your flesh is cold resistant. (rC+)


   Skills:
 - Level 2.0 Fighting
 + Level 9.2 Ranged Weapons
 - Level 2.4 Dodging
 - Level 1.2 Stealth


You had 4 spell levels left.
You didn't know any spells.
Your spell library was empty.

Inventory:

Hand Weapons
 Y - a +0 shortbow of draining (weapon)
Armour
 g - a +0 ring mail (worn)
Scrolls
 h - 2 scrolls of identify
Potions
 a - a potion of haste {unknown}

Dungeon Overview and Level Annotations

Branches:
Dungeon (3/15)

Altars:

Shops:
D:1 =*


Message History

You hear the slow rusting of a drain nearby.
You shoot an arrow. The arrow hits the gnoll!
You kill the gnoll!
You start resting.
HP restored.
a - an amethyst potion
Items here: %% ))).
A gnoll comes into view. It is wielding a +0 whip.
You shoot an arrow. The arrow barely misses the gnoll.
You shoot an arrow. The gnoll sergeant shouts!
The arrow hits the gnoll!
You drain the gnoll.
The gnoll is almost dead.
You shoot an arrow. The arrow hits the gnoll.
You kill the gnoll!
You shoot an arrow.
The arrow hits the gnoll sergeant but does no damage.
You shoot an arrow.
The arrow hits the gnoll sergeant but does no damage.
A gnoll comes into view. It is wielding a +0 halberd.
You shoot an arrow. The gnoll shouts!
The arrow hits the gnoll sergeant.
The gnoll sergeant is lightly wounded.
The gnoll sergeant hits you from afar with a +0 trident!
You shoot an arrow.
The arrow hits the gnoll sergeant but does no damage.
You drain the gnoll sergeant.
The gnoll sergeant is moderately wounded.
The gnoll sergeant hits you from afar with a +0 trident!
You shoot an arrow.
The arrow closely misses the gnoll sergeant.
The arrow barely misses the gnoll.
The gnoll sergeant hits you from afar with a +0 trident!
You shoot an arrow.
The arrow hits the gnoll sergeant but does no damage.
You drain the gnoll sergeant.
The gnoll sergeant is moderately wounded.
The gnoll sergeant hits you from afar with a +0 trident.
You die...

#####...##.....#.#
#.#
......##..#.##.###.#
#####...........##.#
#.###..#.#... #.# #
##)#.# . ...
#...#.#..#.#
##........
#.###..###.#..
#...@.........
#.##[#####.#.# #g# #
#g# #.# #.. ... ###


You could see a gnoll sergeant (very drained) and a gnoll.

Vanquished Creatures
  Sigmund (D:2)
  4 gnolls (D:3)
  2 dart slugs (D:1)
  4 bats
  7 endoplasms
  A giant cockroach (D:1)
  6 goblins
  4 hobgoblins
  4 jackals (D:2)
  2 quokkas
  3 ball pythons
  2 kobolds
  2 rats (D:2)
42 creatures vanquished.

Notes
Turn   | Place    | Note
-------+----------+-------------------------------------------
     0 | D:1      | qw the Deep Elf Hunter began the quest for the Orb.
     0 | D:1      | Reached XP level 1. HP: 12/12 MP: 3/3
     0 | D:1      | 0 ||| qw: Version: 0.3-a-9-g12657ce
     0 | D:1      | 0 ||| qw: Game counter: 3596
     0 | D:1      | 0 ||| qw: Always use a shield: true
     0 | D:1      | 0 ||| qw: God list: Okawaru
     0 | D:1      | 0 ||| qw: Allow faded altars: false
     0 | D:1      | 0 ||| qw: Do Orc after D:15 true
     0 | D:1      | 0 ||| qw: Do second Lair branch before Depths: true
     0 | D:1      | 0 ||| qw: Lair rune preference: random
     0 | D:1      | 0 ||| qw: Plans: Normal
     0 | D:1      | 0 ||| PLANNING D:1-11
   183 | D:1      | Found Pelet's General Store.
   194 | D:1      | 194 ||| SHOPLISTING +0 cloak (49 gold, have 39).
   194 | D:1      | 194 ||| SHOPLISTING scroll of brand weapon (104 gold, have
                  | 39).
   194 | D:1      | 194 ||| BUYING scroll of identify (22 gold).
   194 | D:1      | Bought a scroll of identify for 22 gold pieces
   194 | D:1      | 194 ||| SHOPLISTING scroll of identify (22 gold, have 17).
   203 | D:1      | Found Etoph's Jewellery Emporium.
   218 | D:1      | Reached skill level 6 in Ranged Weapons
   218 | D:1      | Reached XP level 2. HP: 16/16 MP: 4/4
   220 | D:1      | 220 ||| SHOPLISTING +4 ring of protection (468 gold, have
                  | 29).
   220 | D:1      | 220 ||| SHOPLISTING +6 ring of strength (468 gold, have
                  | 29).
   220 | D:1      | 220 ||| SHOPLISTING amulet "Qusoqizo" {Faith Harm Will+}
                  | (683 gold, have 29).
   220 | D:1      | 220 ||| SHOPLISTING amulet of faith (520 gold, have 29).
   220 | D:1      | 220 ||| SHOPLISTING amulet of the acrobat (390 gold, have
                  | 29).
   220 | D:1      | 220 ||| SHOPLISTING ring "Pakketiani" {Wiz Str+2} (535
                  | gold, have 29).
   220 | D:1      | 220 ||| SHOPLISTING ring "Visiwoiv" {rPois Dex+2 SInv} (460
                  | gold, have 29).
   220 | D:1      | 220 ||| SHOPLISTING ring of fire (325 gold, have 29).
   220 | D:1      | 220 ||| SHOPLISTING ring of positive energy (260 gold, have
                  | 29).
   220 | D:1      | 220 ||| SHOPLISTING ring of willpower (325 gold, have 29).
   424 | D:1      | Found a faded altar of an unknown god.
   578 | D:1      | 578 ||| UPGRADING to +0 scale mail.
   588 | D:1      | 588 ||| DROPPING +0 leather armour.
   589 | D:1      | 589 ||| UPGRADING to +0 ring mail.
   599 | D:1      | 599 ||| DROPPING +0 scale mail.
   600 | D:1      | 600 ||| READING scroll labelled ZUOTIR NIWUKHA.
   601 | D:1      | 601 ||| READING scroll labelled ERRUODEPHU.
   602 | D:1      | 602 ||| READING scroll labelled XODAEGH CUCK.
   603 | D:1      | 603 ||| DROPPING scroll of butterflies.
   657 | D:2      | 657 ||| FLEEEEING.
   658 | D:2      | 658 ||| FLEEEEING.
   659 | D:2      | 659 ||| FLEEEEING.
   717 | D:2      | Reached XP level 3. HP: 20/20 MP: 5/5
   919 | D:2      | Noticed Sigmund
   927 | D:2      | Killed Sigmund
   928 | D:2      | Reached skill level 9 in Ranged Weapons
   928 | D:2      | Reached XP level 4. HP: 11/25 MP: 6/6
   928 | D:2      | Reached XP level 5. HP: 13/29 MP: 7/7
  1250 | D:2      | 1250 ||| READING scroll labelled YDUSTI EBRYUQAOG.
  1306 | D:2      | 1306 ||| READING scroll labelled EMETOE DOYT MUNGUN.
  1307 | D:2      | 1307 ||| READING scroll labelled YMIGUS JUYTSEYLEM.
  1311 | D:2      | 1311 ||| DRINKING 2 fuming green potions.
  1311 | D:2      | Gained mutation: You are vulnerable to heat. (rF-) [potion
                  | of mutation]
  1311 | D:2      | Gained mutation: You expend magic power (3 MP) to
                  | strengthen your wands. [potion of mutation]
  1312 | D:2      | 1312 ||| DRINKING potion of mutation.
  1312 | D:2      | Lost mutation: You are vulnerable to heat. (rF-) [potion of
                  | mutation]
  1312 | D:2      | Lost mutation: You expend magic power (3 MP) to strengthen
                  | your wands. [potion of mutation]
  1312 | D:2      | Gained mutation: Your flesh is cold resistant. (rC+)
                  | [potion of mutation]
  1346 | D:3      | 1346 ||| PLANNING SEWER
  1379 | D:3      | 1379 ||| Stepping ~*~*~tactically~*~*~ (outnumbered).
  1381 | D:3      | 1381 ||| Stepping ~*~*~tactically~*~*~ (outnumbered).
  1413 | D:3      | HP: 2/30 [gnoll sergeant/+0 trident (7)]
  1414 | D:3      | Slain by a gnoll sergeant

Levels and vault maps discovered:
D:1:      minmay_arrival_arboretum_small, layout_loops_ring, serial_shops, shop,
          shop, ebering_ecumenical_altar_hall
D:2:      layout_loops_ring, nicolae_concentric_dashed_squares_wild,
          uniq_sigmund
D:3:      layout_loops_ring, mainiacjoe_overflow_small_starburst,
          lemuel_crystal_altar, portal_sewer_entry_d, uniq_natasha

Skill      XL: |  1  2  3  4  5 |
---------------+----------------+-----
Ranged Weapons | 6 9 |  9.2
Fighting       | 2 |  2.0
Dodging        | |  2.4
Stealth        | |  1.2

Action                     |  1- 3 |  4- 6 || total
---------------------------+-------+-------++-------
   Fire: Shortbow          |    51 |    37 ||    88
    Use: Scroll            |     3 |     3 ||     6
         Potion            |       |     2 ||     2
 Armour: Ring mail         |     8 |     4 ||    12
         Leather armour    |     1 |       ||     1
  Dodge: Dodged            |     3 |     5 ||     8

Table legend:
 A = Non-vault XP
 B = Vault XP
 C = Vault XP percentage of total XP
 D = Non-vault monster count
 E = Vault monster count
 F = Vault count percentage of total count
                 A         B        C        D         E       F
            +---------+---------+-------+---------+---------+-------
      Total |     127 |     226 |  64.0 |      41 |       1 |   2.4
            +---------+---------+-------+---------+---------+-------
        D:1 |      24 |       0 |   0.0 |      12 |       0 |   0.0
        D:2 |      41 |     226 |  84.6 |      22 |       1 |   4.3
        D:3 |      62 |       0 |   0.0 |       7 |       0 |   0.0
            +---------+---------+-------+---------+---------+-------
